Map: Odyssey LE

Players

Snute - Winner!

  • Race: Zerg Zerg
  • Spawn Location: 5:00

Lambo

  • Race: Zerg Zerg
  • Spawn Location: 11:00

Event: WCS Montreal 2017

VOD

Have the link to the VOD?

Description

Time

  • Played on: Sept. 8, 2017, 3:35 p.m.
  • Length: 3:47

All games in this series

Show
View Real Time Build Order
Export as new Build Order

Snute Zerg - Winner!

Build Orders: Pool First 

Get SALT Encoding   

  12  0:00  Drone  
  13  0:12  Overlord  
  13  0:16  Drone  
  14  0:30  Drone x2  
  14  0:33  Drone  
  17  0:36  Extractor  
  16  0:45  Drone  
  17  0:50  Spawning Pool  
  17  0:55  Drone  
  17  1:15  Hatchery  
  16  1:19  Drone  
  16  1:23  Drone  
  18  1:37  Metabolic Boost  
  18  1:40  Queen  
  18  1:45  Zergling x2  
  21  1:50  Overlord  
  21  1:54  Zergling x2  
  22  2:09  Zergling x2  
  22  2:11  Zergling x2  
  24  2:16  Queen  
  24  2:21  Zergling x2  
  27  2:27  Baneling Nest  
  27  2:29  Zergling x2  
  27  2:30  Queen  
  27  2:36  Zergling x2  
  30  2:42  Zergling x4  
  32  2:49  Zergling x4  
  34  2:51  Zergling x2  
  34  2:56  Zergling x2  
  36  2:59  Overlord  
  36  3:12  Baneling  
  36  3:16  Baneling  
  35  3:21  Zergling x6  
  35  3:22  Zergling x4  
  35  3:23  Drone  
Show
View Real Time Build Order
Export as new Build Order

Lambo Zerg 

Build Orders: Hatch First 

Get SALT Encoding   

  12  0:00  Drone  
  13  0:12  Overlord  
  13  0:17  Drone  
  14  0:30  Drone x2  
  14  0:34  Drone  
  17  0:50  Hatchery  
  17  0:54  Drone  
  18  0:57  Drone  
  18  1:09  Extractor  
  17  1:12  Spawning Pool  
  17  1:15  Drone  
  17  1:18  Drone  
  18  1:28  Drone  
  19  1:39  Overlord  
  19  1:58  Queen  
  19  1:59  Zergling x2  
  19  2:00  Zergling x2  
  23  2:02  Queen, Zergling x2  
  23  2:08  Metabolic Boost  
  26  2:13  Drone  
  26  2:14  Drone  
  28  2:25  Drone x2  
  28  2:28  Baneling Nest  
  29  2:32  Zergling x2  
  29  2:35  Zergling x2  
  31  2:48  Hatchery  
  31  2:50  Zergling x2  
  31  2:56  Zergling x2  
  32  2:58  Overlord  
  32  3:04  Zergling x4  
  34  3:09  Zergling x2  
  33  3:12  Baneling x2  
  33  3:15  Zergling x2  
  33  3:18  Zergling x2  
  33  3:26  Zergling x2  
  33  3:27  Zergling x2  
Tags
 
Add a new tag
Caveats
  • Supply blocks, unpowered buildings, or Contaminate may cause inaccurate times.
  • Supply counts are checked every 10 seconds.